 Dungeon Crawl Stone Soup version 0.20-a0-537-g052e6ba (webtiles) character file.

1402 HarryHood the Skirmisher (level 8, -1/51 HPs)
             Began as a Gargoyle Berserker on Jan 27, 2017.
             Was an Elder of Trog.
             Slain by an orc warrior
             ... wielding a +0 trident
              (5 damage)
             ... on level 6 of the Dungeon on Jan 28, 2017.
             The game lasted 00:19:41 (5300 turns).

HarryHood the Skirmisher (Gargoyle Berserker)       Turns: 5300, Time: 00:19:42

Health: -1/51      AC: 16    Str: 21    XL:     8   Next: 69%
Magic:  8/8        EV:  9    Int:  8    God:    Trog [****..]
Gold:   232        SH:  0    Dex: 11    Spells: 7/7 levels left

rFire    + . .     SeeInvis .   a - +0 flail
rCold    . . .     Gourm    .   m - +0 chain mail
rNeg     + . .     Faith    .   (no shield)
rPois    ∞         Spirit   .   (no helmet)
rElec    +         Reflect  .   e - +0 cloak
rCorr    .         Harm     .   (no gloves)
MR       .....                  (no boots)
Stlth    ..........             (no amulet)
Regen    0.2/turn               (no ring)
                                y - ring of protection from fire

@: exhausted, slowed, very slow
A: negative energy resistance 1, electricity resistance, unbreathing,
petrification resistance, rot immunity, AC +5
a: Berserk, Trog's Hand, Brothers in Arms, Burn Spellbooks, Renounce Religion


You were on level 6 of the Dungeon.
You worshipped Trog.
Trog was greatly pleased with you.
You were not hungry.

You visited 2 branches of the dungeon, and saw 7 of its levels.
You also visited: Sewer and Ossuary.

You collected 232 gold pieces.

Inventory:

Hand Weapons
 a - a +0 flail (weapon)
Armour
 e - a +0 cloak (worn)
 m - a +0 chain mail (worn)
Jewellery
 y - a ring of protection from fire (left hand)
Wands
 x - a wand of flame (18/48)
Scrolls
 h - a scroll of recharging
 i - 2 scrolls of identify {@r1}
 n - a scroll of fog {unknown}
 q - 2 scrolls of fear
 r - 2 scrolls of teleportation {@r0}
 s - 6 scrolls of remove curse {@r2}
 t - a scroll of magic mapping
 A - a scroll of torment {unknown}
Potions
 b - a potion of magic
 d - 2 potions of agility {unknown}
 f - 2 potions of invisibility {unknown}
 g - 2 potions of cancellation
 k - 3 potions of brilliance
 l - a potion of degeneration {unknown}
 o - 4 potions of flight
 p - 2 potions of heal wounds {unknown}
 u - a potion of berserk rage {unknown}
 v - 3 potions of curing {unknown}
 z - a potion of resistance {unknown}
Comestibles
 c - 2 bread rations {@e1}
 j - 3 meat rations {@e1}
 w - 7 chunks of flesh


   Skills:
 - Level 6.3 Fighting
 - Level 6.0 Maces & Flails
 - Level 6.2 Armour
 * Level 4.5 Dodging


You had 7 spell levels left.
You didn't know any spells.

Dungeon Overview and Level Annotations

Branches:
Dungeon (6/15)             Temple (1/1) D:4

Altars:
Ashenzari
Makhleb
Yredelemnul


Innate Abilities, Weirdness & Mutations

You are resistant to torment.
Your stone body is resilient. (AC +5)
You are immune to poison.
You resist negative energy. (rN+)
You are resistant to electric shocks. (rElec)
You can survive without breathing.
You are immune to petrification.
You are immune to rotting.


Message History

The orc hits you but does no damage.
You hit the orc warrior.
The orc warrior is heavily wounded.
The orc warrior hits you with a trident!
* * * LOW HITPOINT WARNING * * *
The orc hits you but does no damage.
The orc warrior hits you but does no damage.
An orc comes into view.
You're too exhausted to go berserk.
The orc shouts!
You hit the orc warrior but do no damage.
The orc warrior is heavily wounded.
The orc hits you but does no damage.
The orc warrior hits you with a trident.
* * * LOW HITPOINT WARNING * * *
The orc barely misses you.
You closely miss the orc warrior.
The orc warrior is heavily wounded.
The orc warrior hits you with a trident.
You die...

..###..# ..###.## .. ......# .
###. ...#########. ...
..........>.. ###..
...########.####.... # ...#
#.##.$....#.#. ..##
#....oo##..... ..### #....#@...#
....# ###..##..####. .##.##
##....#(.## #..
###..###....#).## #..
####..##....÷(## ...
............### #.#
...........#######.##.# #######
.###)....#.......?.##.####.....#
.)..)....#.....................#


You could see an orc warrior and an orc.

Vanquished Creatures
  A wyvern (D:6)
  A wraith (Ossuary)
  Menkaure (D:6)
  A sky beast (D:5)
  A crocodile (Sewer)
  Blork the orc (D:4)
  2 bullfrogs
  2 scorpions
  A crimson imp (D:6)
  A jelly (D:5)
  An iguana (D:4)
  A bullfrog skeleton (D:6)
  3 orc wizards
  2 worker ants
  A mummy (Ossuary)
  A worker ant zombie (D:5)
  2 howler monkey skeletons
  6 adders
  4 gnolls (D:4)
  An ooze (D:3)
  An adder zombie (D:5)
  2 adder skeletons
  6 worms
  A dart slug (D:1)
  6 leopard geckos
  12 orcs
  7 bats
  3 giant cockroaches
  6 goblins
  9 hobgoblins
  17 jackals
  A quokka (D:6)
  A ball python (D:1)
  2 frilled lizards
  5 gnoll skeletons (Ossuary)
  8 kobolds
  8 kobold skeletons (Ossuary)
  12 orc skeletons (Ossuary)
  7 rats
148 creatures vanquished.

Notes
Turn   | Place    | Note
-------+----------+-------------------------------------------
     0 | D:1      | HarryHood the Gargoyle Berserker began the quest for the Orb.
     0 | D:1      | Reached XP level 1. HP: 14/14 MP: 1/1
    77 | D:1      | Reached XP level 2. HP: 11/20 MP: 2/2
   147 | D:1      | Reached skill level 4 in Fighting
   366 | D:1      | Reached XP level 3. HP: 13/24 MP: 3/3
   758 | D:2      | Reached ** piety under Trog
  1066 | D:2      | Reached skill level 5 in Fighting
  1479 | D:2      | Reached XP level 4. HP: 30/31 MP: 4/4
  2357 | D:4      | Reached skill level 6 in Fighting
  2357 | D:4      | Reached XP level 5. HP: 25/36 MP: 5/5
  2452 | D:4      | Found a staircase to the Ecumenical Temple.
  2456 | Temple   | Entered the Ecumenical Temple
  2785 | D:4      | Reached skill level 4 in Maces & Flails
  2785 | D:4      | Reached XP level 6. HP: 29/41 MP: 6/6
  2890 | D:4      | Reached *** piety under Trog
  3069 | D:4      | Noticed Blork the orc
  3079 | D:4      | Killed Blork the orc
  3079 | D:4      | Reached skill level 5 in Maces & Flails
  3244 | D:5      | Entered Level 5 of the Dungeon
  3285 | D:5      | Found a glowing drain.
  3442 | Sewer    | Entered a sewer
  3525 | Sewer    | Reached XP level 7. HP: 26/46 MP: 7/7
  3718 | D:5      | Reached skill level 6 in Maces & Flails
  3751 | D:5      | Reached skill level 3 in Armour
  3770 | D:5      | Reached skill level 4 in Armour
  4183 | D:5      | Found a shattered altar of Ashenzari.
  4331 | D:5      | Reached skill level 5 in Armour
  4532 | D:6      | Found a sand-covered staircase.
  4543 | Ossuary  | Entered an ossuary
  4543 | Ossuary  | Noticed a wraith
  4543 | Ossuary  | Noticed a wraith
  4543 | Ossuary  | Noticed a wraith
  4547 | Ossuary  | Upgraded the game from 0.20-a0-531-g6a4a307 to 0.20-a0-537-g052e6ba
  4581 | Ossuary  | Reached **** piety under Trog
  4740 | Ossuary  | Noticed a wraith
  4797 | Ossuary  | Killed a wraith
  4797 | Ossuary  | Reached skill level 6 in Armour
  4797 | Ossuary  | Reached XP level 8. HP: 38/51 MP: 8/8
  4975 | D:6      | Reached skill level 2 in Dodging
  5113 | D:6      | Noticed Menkaure
  5118 | D:6      | Killed Menkaure
  5118 | D:6      | Reached skill level 3 in Dodging
  5252 | D:6      | Noticed a wyvern
  5270 | D:6      | Killed a wyvern
  5270 | D:6      | Reached skill level 4 in Dodging
  5299 | D:6      | HP: 4/51 [orc warrior/trident (2)]
  5300 | D:6      | Slain by an orc warrior

Vault maps used:
D:1:      dpeg_arrival_chase
D:3:      minmay_door_path, kennysheep_nub
D:4:      minmay_temple_entry_glassed_door, first_bread, serial_bayou_pond_d,
          grunt_decor_fettered, uniq_blork_the_orc
D:5:      kennysheep_little_box, portal_sewer_entry_f,
          hangedman_abyss_or_decor_slice
D:6:      lightli_ossuary_entry_decrepit_ruins, uniq_menkaure
Temple:   compressed_dpeg_circular_temple
Sewer:    sewer_the_crocodile
Ossuary:  ossuary_due_mausoleum

Skill      XL: |  1  2  3  4  5  6  7  8 |
---------------+-------------------------+-----
Fighting       | 4 5 6 |  6.3
Maces & Flails | 4 5 6 |  6.0
Armour         | 6 |  6.2
Dodging        | 4 |  4.5

Action                   |  1- 3 |  4- 6 |  7- 9 || total
-------------------------+-------+-------+-------++-------
Melee: Mace              |   151 |   176 |       ||   327
       Whip              |       |    63 |   110 ||   173
       Flail             |       |       |   175 ||   175
Invok: Berserk           |     1 |     2 |     2 ||     5
       Burn Spellbooks   |       |     1 |     1 ||     2
  Use: Scroll            |     7 |     5 |     4 ||    16
  Eat: Chunk             |     3 |     9 |     3 ||    15
       Bread ration      |       |       |     1 ||     1
Armor: Animal skin       |     9 |       |       ||     9
       Ring mail         |    66 |    60 |       ||   126
       Chain mail        |       |    94 |   187 ||   281
Dodge: Dodged            |   115 |   134 |   131 ||   380
